 Dungeon Crawl Stone Soup version 0.29.1-4-g47bece8355 (webtiles) character file.

Game seed: 260104478966143140

42 ChrisAssaf the Charlatan (level 3, -4/46 HPs)
             Began as a Naga Artificer on Dec 9, 2022.
             Slain by a mummy (6 damage)
             ... in an ossuary.
             The game lasted 00:06:40 (765 turns).

ChrisAssaf the Charlatan (Naga Artificer)            Turns: 765, Time: 00:06:43

Health: -4/46      AC: 21    Str: 14    XL:     3   Next: 56%
Magic:  3/3        EV:  1    Int: 13    God:
Gold:   61         SH:  5    Dex: 11    Spells: 2/2 levels left

rFire   + . .      SeeInvis +   a - +0 club
rCold   + . .      Faith    .   (no shield)
rNeg    . . .      Spirit   .   (body armour currently unavailable)
rPois   +          Reflect  +   (helmet currently unavailable)
rElec   +          Harm     .   (cloak currently unavailable)
rCorr   +          Rampage  .   (gloves currently unavailable)
Will    .....      NoTele   +   (no barding)
Stlth   ++........              k - amulet of reflection
HPRegen 0.15/turn               (no ring)
MPRegen 0.08/turn               (no ring)

@: brilliant, tree-form, resistant
A: stationary, stasis, torment immunity, boosted hp, AC +1, large, see
invisible, (deformed body), (poison resistance), (slowness 2), spit poison 1,
(naga tail 1)
a: Spit Poison


You were in an ossuary.
You were a tree.
You visited 1 branch of the dungeon, and saw 4 of its levels.
You also visited: Ossuary.

You collected 61 gold pieces.

Inventory:

Hand Weapons
 a - a +0 club (weapon)
Missiles
 h - a poisoned dart (quivered)
Armour
 b - a +2 leather armour (melded)
Jewellery
 k - an amulet of reflection (around neck)
Wands
 c - a wand of flame (10)
 d - a wand of charming (13)
 e - a wand of iceblast (3)


   Skills:
 * Level 1.1 Fighting
 * Level 0.2 Maces & Flails
 * Level 0.4 Throwing
 * Level 2.0 Armour
 * Level 0.9 Dodging
 * Level 1.8 Stealth
 * Level 1.1 Unarmed Combat
 * Level 0.3 Spellcasting
 * Level 3.4 Evocations


You had 2 spell levels left.
You didn't know any spells.
Your spell library was empty.

Dungeon Overview and Level Annotations

Branches:
Dungeon (4/15)            Ossuary (1/1)
 Temple: D:4-7

Altars:


Innate Abilities, Weirdness & Mutations

You are a tree.
Your roots penetrate the ground, keeping you stationary.
You cannot be teleported.
You are immune to unholy pain and torment.
Your maximum health is greatly increased.
Your equipment is partially melded.
((Your serpentine skin is tough. (AC +1)))
You have supernaturally acute eyesight. (SInv)
((Armour fits poorly on your strangely shaped body.))
((Your system is resistant to poisons. (rPois)))
((You cover ground very slowly.))
You can spit poison.
((You have a snake-like lower body.))


Message History

It was a potion of brilliance.
You feel clever all of a sudden.
A mummy comes into view.
The mummy hits you!
It was a potion of lignification.
You turn into a tree.
Your +2 leather armour melds into your body.
Your roots penetrate the ground.
The mummy hits you but does no damage. x2
You hit the orc zombie but do no damage.
The orc zombie hits you but does no damage.
You block the kobold zombie's attack.
The mummy hits you but does no damage. x2
You hit the orc zombie.
The orc zombie is heavily damaged.
The orc zombie hits you but does no damage.
The mummy hits you but does no damage.
The kobold zombie hits you but does no damage.
The mummy hits you!
* * * LOW HITPOINT WARNING * * *
You hit the mummy.
The mummy is severely damaged.
The mummy hits you but does no damage.
The orc zombie hits you but does no damage.
You block the mummy's attack.
The kobold zombie hits you but does no damage.
The mummy hits you but does no damage.
It was a potion of resistance.
You feel protected.
The orc zombie hits you but does no damage.
You block the mummy's attack. The mummy hits you.
* * * LOW HITPOINT WARNING * * *
The mummy hits you but does no damage.
The kobold zombie hits you but does no damage.
The mummy hits you but does no damage.
You barely miss the mummy. You punch the mummy.
The mummy is almost destroyed.
The orc zombie hits you but does no damage.
The kobold zombie hits you but does no damage.
The mummy hits you.
* * * LOW HITPOINT WARNING * * *
The mummy hits you.
You die...

#........#
#......#
#....#
#....#
#.Z..#
#.M..#
#....#
#MZM.#
#M♣M.#
#..Z.#
#.∩∩.#
######


You could see 5 mummies, a hobgoblin zombie, a kobold zombie and an orc zombie.

Vanquished Creatures
  An orc wizard (D:4)
  2 orcs (D:4)
  2 endoplasms
  A giant cockroach (D:2)
  A quokka (D:3)
  2 ball pythons
  A gnoll zombie (Ossuary)
  A hobgoblin zombie (Ossuary)
  A kobold (D:3)
  2 orc zombies (Ossuary)
14 creatures vanquished.

Vanquished Creatures (collateral kills)
  A kobold (D:4)
  A goblin (D:3)
  A rat (D:3)
3 creatures vanquished.

Vanquished Creatures (others)
  An orc (D:4)
  A goblin (D:3)
2 creatures vanquished.

Grand Total: 19 creatures vanquished

Notes
Turn   | Place    | Note
-------+----------+-------------------------------------------
     0 | D:1      | ChrisAssaf the Naga Artificer began the quest for the Orb.
     0 | D:1      | Reached XP level 1. HP: 18/18 MP: 1/1
   142 | D:1      | You fall into a shaft and drop 1 floor!
   359 | D:3      | Noticed an ogre
   444 | D:3      | Reached skill level 1 in Unarmed Combat
   471 | D:3      | Reached XP level 2. HP: 21/25 MP: 2/2
   577 | D:4      | Identified a scroll of acquirement
   577 | D:4      | Acquired an amulet of reflection
   612 | D:4      | Reached XP level 3. HP: 16/31 MP: 3/3
   625 | D:4      | Found a sand-covered staircase.
   715 | Ossuary  | Entered an ossuary
   765 | Ossuary  | HP: 2/46 [mummy (2)]
   765 | Ossuary  | Slain by a mummy

Illustrated notes

Levels and vault maps discovered:
D:1:      nzn_arrival_settlement, layout_basic,
          shapermc_ecumenical_altar_hornbeckon
D:2:      kennysheep_big_flooded_room, layout_basic, basic_altar, minmay_unequal
D:3:      cheibrodos_pilgrimage, layout_basic, uniq_robin,
          uniq_crazy_yiuf_cottage
D:4:      layout_rooms, mainiacjoe_overflow_alcove_2, trog_wizard,
          nicolae_ossuary_entry_ruins, minmay_bisected
Ossuary:  ossuary_tomb_3

Skill      XL: |  1  2 |
---------------+-------+-----
Unarmed Combat | 1 |  1.1
Armour         | 2 |  2.0
Fighting       | |  1.1
Maces & Flails | |  0.2
Throwing       | |  0.4
Dodging        | |  0.9
Stealth        | |  1.8
Spellcasting   | |  0.3
Evocations     | |  3.4

Action                   || total
-------------------------++-------
Melee: Club              ||    28
       Punch             ||     1
Throw: Dart              ||     5
 Abil: Spit Poison       ||     8
Evoke: Wand              ||     9
  Use: Scroll            ||     7
       Potion            ||     3
Armor: Leather armour    ||    16
       Skin              ||    18
Dodge: Dodged            ||    20
Block: Other             ||     9
